 Dungeon Crawl Stone Soup version 0.30-a0-422-g946f4849ff (webtiles) character file.

Game seed: 16551122894553592062

408 Shayle the Trooper (level 6, -2/49 HPs)
             Began as a Demonspawn Reaver on Dec 9, 2022.
             Slain by Duvessa
             ... wielding a +2 short sword of venom
              (10 damage)
             ... on level 5 of the Dungeon.
             The game lasted 00:06:03 (2252 turns).

Shayle the Trooper (Demonspawn Reaver)              Turns: 2252, Time: 00:06:04

Health: -2/49      AC:  8    Str: 10    XL:     6   Next: 57%
Magic:  9/9        EV: 10    Int: 19    God:
Gold:   105        SH:  0    Dex: 17    Spells: 8/9 levels left

rFire   . . .      SeeInvis .    i - +0 war axe
rCold   + . .      Faith    .    (no shield)
rNeg    . . .      Spirit   .    a - +0 ring mail {rPois}
rPois   +          Reflect  .    (helmet restricted)
rElec   .          Harm     .    (no cloak)
rCorr   .          Rampage  .    k - +0 pair of gloves
Will    .....                    (no boots)
Stlth   +++.......               (no amulet)
HPRegen 0.28/turn                j - ring of protection from cold
MPRegen 0.11/turn                (no ring)

@: attractive
A: slimy green scales 1, demonic magic 1, weakness stinger 2, horns 1, thin
skeletal structure 1, agile 1, clever 1
a: no special abilities


You were on level 5 of the Dungeon.
You visited 1 branch of the dungeon, and saw 5 of its levels.

You collected 105 gold pieces.

Inventory:

Hand Weapons
 i - a +0 war axe (weapon)
Armour
 a - a +0 ring mail of poison resistance (worn)
 b - a +0 leather armour
 k - a +0 pair of gloves (worn)
Jewellery
 j - a ring of protection from cold (left hand)
 l - a ring of resist corrosion
Scrolls
 m - a scroll of enchant armour


   Skills:
 + Level 4.3 Fighting
 - Level 2.6 Axes
 + Level 3.3 Armour
 - Level 1.7 Dodging
 + Level 3.6 Stealth
 - Level 2.0 Spellcasting
 - Level 3.0 Conjurations


You had 8 spell levels left.
You knew the following spells:

 Your Spells              Type           Power      Damage    Failure   Level
a - Kiss of Death         Conj/Necr      28%        2d7       22%         1

Your spell library contained the following spells:

 Spells                   Type           Power      Damage    Failure   Level
 Momentum Strike          Conj/Tloc      14%        3d8       32%         2
 Cigotuvi's Dreadful Rot  Necr/Pois/Air  2%         N/A       52%         2
 Poisonous Vapours        Pois/Air       2%         N/A       52%         2
 Hailstorm                Conj/Ice       7%         3d4       54%         3
 Mephitic Cloud           Conj/Pois/Air  5%         N/A       63%         3


Dungeon Overview and Level Annotations

Branches:
Dungeon (5/15)
 Temple: D:4-7

Altars:

Shops:
D:1 [

Annotations:
D:5 Dowan, Duvessa


Innate Abilities, Weirdness & Mutations

You are partially covered in slimy green scales. (AC +2)
Spells you cast may paralyse adjacent enemies.
You have a tail ending in a sharp stinger.
You have a pair of small horns on your head.
You have a somewhat thin skeletal structure. (Dex +2, Stealth+)
You are agile. (Dex +4, Str/Int -1)
Your mind is acute. (Int +4, Str/Dex -1)


Message History

You tail-slap the orc, but do no damage.
The orc is almost dead.
The orc hits you but does no damage.
You barely miss the orc.
The orc is almost dead.
The orc hits you but does no damage. The orc hits you with a +0 club.
* * * LOW HITPOINT WARNING * * *
You hit the orc.
You kill the orc!
You start resting.
Duvessa, Sister of Dowan comes into view.
She is wielding a +2 short sword of venom.
Duvessa is attracted toward you.
Things that are here:
a +0 hand axe; an orc corpse
As you read the scroll labelled LAL PYUHIE, it crumbles to dust.
It is a scroll of identify.
d - a scroll of poison
As you read the scroll of identify, it crumbles to dust.
m - a scroll of enchant armour Duvessa is attracted toward you.
Okay, then.
It was a potion of curing.
You feel better. Duvessa misses you.
You slash Duvessa!
Duvessa is moderately wounded.
Duvessa hits you with a +2 short sword of venom!
* * * LOW HITPOINT WARNING * * *
Duvessa closely misses you.
It was a potion of magic.
Magic courses through your body.
Duvessa hits you with a +2 short sword of venom.
* * * LOW HITPOINT WARNING * * *
Dowan, Brother of Duvessa comes into view.
He is wielding a +0 dagger of draining.
Dowan is attracted toward you.
Okay, then.
Casting: Kiss of Death (safe; 22% risk of failure)
Confirm with . or Enter, or press ? or * to list all spells.
Okay, then.
The air fills with toxic fumes!
As you read the scroll of poison, it crumbles to dust.
Duvessa hits you with a +2 short sword of venom!
You die...

#.....# #$§...#
#.....#
#.....####
###>e#....
#§.#.###
##§§..#
##§§§e#######
#§§§§§e@§§§§#
#§§§##§#####§§#
#### #.## ..#
#..# ...
##.#### #.#
#.##.. # #..#.#
##.#.####
##.#....#


You could see Duvessa and Dowan (wandering).

Vanquished Creatures
  Sigmund (D:2)
  A necrophage (D:5)
  An orc priest (D:5)
  Jessica (D:2)
  Natasha (thrice) (D:2)
  An adder (D:2)
  A dart slug (D:1)
  7 orcs
  3 ball pythons
  2 bats
  An endoplasm (D:2)
  A giant cockroach (D:1)
  8 goblins
  3 hobgoblins (D:2)
  3 jackals (D:1)
  3 quokkas
  2 frilled lizards (D:1)
  5 rats
47 creatures vanquished.

Notes
Turn   | Place    | Note
-------+----------+-------------------------------------------
     0 | D:1      | Shayle the Demonspawn Reaver began the quest for the Orb.
     0 | D:1      | Reached XP level 1. HP: 16/16 MP: 3/3
   176 | D:1      | Gained mutation: You have a small tail. [demonic ancestry]
   176 | D:1      | Reached XP level 2. HP: 20/22 MP: 5/5
   332 | D:1      | Reached skill level 1 in Stealth
   332 | D:1      | Found Kalog's Antique Armour Shop.
   406 | D:1      | Reached skill level 1 in Armour
   797 | D:2      | Noticed Sigmund
   887 | D:2      | Gained mutation: Spells you cast may paralyse adjacent
                  | enemies. [demonic ancestry]
   887 | D:2      | Reached XP level 3. HP: 21/28 MP: 6/6
  1142 | D:2      | Noticed Natasha
  1154 | D:2      | Killed Natasha
  1284 | D:2      | Noticed Jessica
  1314 | D:2      | Reached skill level 3 in Fighting
  1314 | D:2      | Gained mutation: You have a tail ending in a sharp stinger.
                  | [demonic ancestry]
  1314 | D:2      | Reached XP level 4. HP: 23/35 MP: 7/7
  1541 | D:2      | Killed Sigmund
  1542 | D:2      | Gained mutation: You are partially covered in slimy green
                  | scales. (AC +2) [demonic ancestry]
  1542 | D:2      | Reached XP level 5. HP: 42/42 MP: 8/8
  1720 | D:2      | Noticed Natasha
  1727 | D:2      | Killed Natasha
  1826 | D:2      | Noticed Natasha
  1832 | D:2      | Killed Natasha
  1833 | D:2      | Reached skill level 4 in Fighting
  1833 | D:2      | Reached XP level 6. HP: 45/48 MP: 9/9
  1871 | D:2      | Killed Jessica
  2124 | D:3      | You fall into a shaft and drop 2 floors!
  2124 | D:5      | Entered Level 5 of the Dungeon
  2150 | D:4      | Noticed an orc warrior
  2235 | D:5      | Gained mutation: You have a pair of small horns on your
                  | head. [potion of mutation]
  2235 | D:5      | Gained mutation: Your mind is acute. (Int +4, Str/Dex -1)
                  | [potion of mutation]
  2235 | D:5      | Gained mutation: You have a somewhat thin skeletal
                  | structure. (Dex +2, Stealth+) [potion of mutation]
  2235 | D:5      | Gained mutation: You are agile. (Dex +4, Str/Int -1)
                  | [potion of mutation]
  2245 | D:5      | Noticed Duvessa
  2251 | D:5      | Noticed Dowan
  2252 | D:5      | Slain by Duvessa

Illustrated notes

Levels and vault maps discovered:
D:1:      doesnt_arrival_eight_statues, layout_loops_ring, serial_shops,
          nicolae_diamond_shop, lemuel_flame_loot_1
D:2:      layout_loops_corners, guppyfry_early_orc_mine, uniq_natasha,
          uniq_sigmund, uniq_jessica
D:3:      layout_rooms
D:4:      layout_cave_pools, kennysheep_mini, uniq_menkaure
D:5:      layout_rooms, nicolae_ru_path_of_blood, okawaru_trees_2,
          uniq_blork_the_orc, uniq_edmund, uniq_duvessa

Skill      XL: |  1  2  3  4  5 |
---------------+----------------+-----
Stealth        | 1 3 |  3.6
Armour         | 1 2 3 |  3.3
Fighting       | 3 4 |  4.3
Axes           | |  2.6
Dodging        | |  1.7
Spellcasting   | |  2.0
Conjurations   | |  3.0

Action                   |  1- 3 |  4- 6 || total
-------------------------+-------+-------++-------
Melee: Hand axe          |    97 |    11 ||   108
       Punch             |     2 |       ||     2
       Tailslap          |     2 |     8 ||    10
       War axe           |       |    45 ||    45
Evoke: Wand              |       |     7 ||     7
  Use: Scroll            |     1 |     3 ||     4
       Potion            |     1 |     4 ||     5
 Stab: Sleeping          |     1 |       ||     1
Armor: Leather armour    |    33 |     5 ||    38
       Ring mail         |       |    22 ||    22
Dodge: Dodged            |    76 |    35 ||   111

Table legend: (Time is in decaauts)
 A = Elapsed time spent in this place.
 B = Non-inter-level travel time spent in this place.
 C = Inter-level travel time spent in this place.
 D = Time resting spent in this place.
 E = Time spent auto-exploring this place.
 F = Levels seen in this place.
 G = Mean time per level.
                   A        B        C        D        E       F      G
               +--------+--------+--------+--------+--------+-----+--------+
         Total |   2299 |   2139 |    160 |    221 |   1266 |   5 |  459.8 |
       Dungeon |   2299 |   2139 |    160 |    221 |   1266 |   5 |  459.8 |
               +--------+--------+--------+--------+--------+-----+--------+

Top non-repeatable levels by time:
     D:2: 1184 daAuts
     D:1: 976 daAuts
     D:5: 104 daAuts
     D:4: 34 daAuts
